[ AOE2 MATCH · #506933939 ]
UnrankedChinese vs Mongols
Player's team · LOSS
Rival team · WIN
[ REPLAY ANALYSIS · EXTRACTED FROM THE RECORDED GAME ]
Feudal
11:18
Castle
—
Imperial
—
| APM avg | 27.4 |
| APM peak | 46 |
| eAPM avg | 13.1 |
| Villagers / military | 20 / 8 |
Focus
⚔️ 22.9% · 🌾 77.1%
Skirmisher ×5 · Archer ×3
Feudal
10:01
Castle
—
Imperial
—
| APM avg | 30.9 |
| APM peak | 56 |
| eAPM avg | 13.9 |
| Villagers / military | 24 / 13 |
Focus
⚔️ 24.3% · 🌾 75.7%
Archer ×6 · Militia ×6 · Skirmisher ×1
Match map
Initial resources + every placement click. Lines = walls · curves = elevation contours. ◆ gold · ⬟ stone · ● berries · ✦ relic · ◌ wall gap
Your base· Open — 10t gap
DS_Rene Lavand's base· Open — 13t gap
Smoothed initial terrain · ◌ = detected wall gap · hover for details
Inputs per minute
— hitman_aoe - - DS_Rene Lavand
Build order — hitman_aoe
49 actions detected in the replay
| 0:56 | Build | Palisade Wall |
| 1:11 | Build | Palisade Wall |
| 1:12 | Build | Palisade Wall |
| 1:13 | Build | Palisade Wall |
| 1:31 | Build | Town Center |
| 2:25 | Build | House |
| 2:41 | Research | Loom |
| 2:45 | Research | Loom |
| 3:10 | Build | House |
| 3:27 | Queue | Villager (Male) |
| 3:27 | Queue | Villager (Male) |
| 3:28 | Queue | Villager (Male) |
| 3:53 | Queue | Villager (Male) |
| 4:18 | Queue | Villager (Male) |
| 5:09 | Build | Barracks |
| 5:19 | Queue | Villager (Male) |
| 5:19 | Queue | Villager (Male) |
| 6:04 | Queue | Villager (Male) |
| 6:27 | Queue | Villager (Male) |
| 6:38 | Build | House |
| 6:47 | Queue | Villager (Male) |
| 6:59 | Queue | Villager (Male) |
| 7:40 | Queue | Villager (Male) |
| 8:04 | Build | Mill |
| 8:17 | Queue | Villager (Male) |
| 8:43 | Queue | Villager (Male) |
| 9:07 | Research | Feudal Age |
| 9:22 | Build | House |
| 9:48 | Build | Lumber Camp |
| 9:56 | Build | Farm |
| 10:10 | Build | Farm |
| 10:42 | Queue | Villager (Male) |
| 11:07 | Build | Palisade Wall |
| 11:18 | Age | Feudal Age |
| 11:22 | Build | Archery Range |
| 11:40 | Queue | Villager (Male) |
| 12:03 | Queue | Villager (Male) |
| 12:08 | Build | Archery Range |
| 12:10 | Queue | Skirmisher |
| 12:36 | Queue | Skirmisher |
| 12:46 | Queue | Archer |
| 13:00 | Queue | Villager (Male) |
| 13:09 | Queue | Villager (Male) |
| 13:11 | Queue | Skirmisher |
| 13:44 | Queue | Villager (Male) |
| 13:52 | Queue | Skirmisher |
| 13:53 | Queue | Skirmisher |
| 14:05 | Queue | Archer |
| 14:06 | Queue | Archer |
Build order — DS_Rene Lavand
61 actions detected in the replay
| 0:30 | Build | House |
| 0:41 | Build | Town Center |
| 1:44 | Queue | Villager (Male) |
| 2:02 | Queue | Villager (Male) |
| 2:03 | Queue | Villager (Male) |
| 2:03 | Queue | Villager (Male) |
| 2:03 | Queue | Villager (Male) |
| 2:03 | Queue | Villager (Male) |
| 2:46 | Build | House |
| 2:48 | Queue | Villager (Male) |
| 2:48 | Queue | Villager (Male) |
| 3:02 | Research | Loom |
| 3:03 | Queue | Villager (Male) |
| 3:03 | Queue | Villager (Male) |
| 3:03 | Queue | Villager (Male) |
| 3:03 | Queue | Villager (Male) |
| 4:10 | Queue | Villager (Male) |
| 4:11 | Queue | Villager (Male) |
| 4:11 | Queue | Villager (Male) |
| 4:14 | Queue | Villager (Male) |
| 4:15 | Queue | Villager (Male) |
| 4:33 | Build | House |
| 6:04 | Build | Mill |
| 7:13 | Build | Lumber Camp |
| 7:16 | Queue | Villager (Male) |
| 7:51 | Research | Feudal Age |
| 8:47 | Build | Barracks |
| 8:53 | Build | House |
| 9:31 | Queue | Militia |
| 9:31 | Queue | Militia |
| 9:32 | Queue | Militia |
| 10:01 | Age | Feudal Age |
| 10:06 | Build | Archery Range |
| 10:10 | Research | Man-at-Arms (upgrade) |
| 10:11 | Queue | Villager (Male) |
| 10:12 | Queue | Villager (Male) |
| 10:13 | Queue | Villager (Male) |
| 10:14 | Queue | Villager (Male) |
| 10:22 | Build | House |
| 10:23 | Build | House |
| 10:26 | Build | Palisade Wall |
| 10:39 | Queue | Militia |
| 10:58 | Build | House |
| 11:18 | Queue | Militia |
| 11:18 | Queue | Militia |
| 11:48 | Build | Blacksmith |
| 11:57 | Queue | Archer |
| 11:57 | Queue | Archer |
| 11:58 | Queue | Archer |
| 11:58 | Queue | Archer |
| 11:58 | Queue | Archer |
| 12:08 | Build | Farm |
| 12:15 | Build | Farm |
| 13:09 | Build | Farm |
| 13:10 | Build | Farm |
| 13:13 | Queue | Villager (Male) |
| 13:13 | Queue | Villager (Male) |
| 13:18 | Build | Market |
| 14:02 | Build | Watch Tower |
| 14:09 | Queue | Skirmisher |
| 14:09 | Queue | Archer |
Match timeline
| 0:56 | hitman_aoe · wall_segment Palisade Wall x1 |
| 1:11 | hitman_aoe · wall_segment Palisade Wall x1 |
| 1:12 | hitman_aoe · wall_segment Palisade Wall x1 |
| 1:13 | hitman_aoe · wall_segment Palisade Wall x1 |
| 5:09 | hitman_aoe · first_building Barracks |
| 8:47 | DS_Rene Lavand · first_building Barracks |
| 10:01 | DS_Rene Lavand · age_up feudal |
| 10:06 | DS_Rene Lavand · first_building Archery Range |
| 10:26 | DS_Rene Lavand · wall_segment Palisade Wall x1 |
| 11:07 | hitman_aoe · wall_segment Palisade Wall x5 |
| 11:18 | hitman_aoe · age_up feudal |
| 11:22 | hitman_aoe · first_building Archery Range |
| 14:30 | hitman_aoe · resign |
[ AI ANALYSIS · 1 CREDIT ]
What really happened in this match?
Wolo.gg analyzes every decision: build order, eco, micro, common mistakes by bracket. Personalized analysis on WhatsApp or Discord in 30 seconds.
Civ guide
Chinese
Perfil
hitman_aoe